[gd_scene load_steps=18 format=2]

[ext_resource path="res://Assets/background.jpg" type="Texture" id=1]
[ext_resource path="res://Assets/Montserrat/Montserrat-Bold.ttf" type="DynamicFontData" id=2]
[ext_resource path="res://Assets/Quiz/mid20s.png" type="Texture" id=3]
[ext_resource path="res://Assets/Quiz/early70s.png" type="Texture" id=4]
[ext_resource path="res://Assets/Montserrat/Montserrat-SemiBold.ttf" type="DynamicFontData" id=5]
[ext_resource path="res://Assets/Quiz/mid30s.png" type="Texture" id=6]
[ext_resource path="res://Assets/Quiz/mid50s.png" type="Texture" id=7]
[ext_resource path="res://Scripts/QuizButton.gd" type="Script" id=8]
[ext_resource path="res://Scenes/GUI.tscn" type="PackedScene" id=9]
[ext_resource path="res://Scripts/ExitTaskB.gd" type="Script" id=10]
[ext_resource path="res://Assets/exitt.png" type="Texture" id=11]
[ext_resource path="res://Assets/okbuttonred.png" type="Texture" id=12]
[ext_resource path="res://Assets/quiztrue.png" type="Texture" id=13]
[ext_resource path="res://Assets/okbutton.png" type="Texture" id=14]
[ext_resource path="res://Assets/quizfalse.png" type="Texture" id=15]

[sub_resource type="DynamicFont" id=1]
size = 35
font_data = ExtResource( 2 )

[sub_resource type="DynamicFont" id=2]
size = 12
font_data = ExtResource( 5 )

[node name="TextureRect" type="TextureRect"]
anchor_right = 1.0
anchor_bottom = 1.0
texture = ExtResource( 1 )
expand = true
__meta__ = {
"_edit_use_anchors_": false
}

[node name="GUI" parent="." instance=ExtResource( 9 )]

[node name="CenterContainer" type="CenterContainer" parent="."]
anchor_right = 1.0
anchor_bottom = 1.0
margin_left = 1.95038
margin_top = 0.8909
margin_right = 1.95044
margin_bottom = 0.890869
__meta__ = {
"_edit_use_anchors_": false
}

[node name="VBoxContainer" type="VBoxContainer" parent="CenterContainer"]
margin_left = 201.0
margin_top = 58.0
margin_right = 823.0
margin_bottom = 541.0
custom_constants/separation = 10

[node name="Label" type="Label" parent="CenterContainer/VBoxContainer"]
margin_right = 622.0
margin_bottom = 43.0
rect_pivot_offset = Vector2( 467.081, 786.255 )
custom_fonts/font = SubResource( 1 )
custom_colors/font_color = Color( 0, 0, 0, 1 )
text = "At what age are people happiest?"
__meta__ = {
"_edit_use_anchors_": false
}

[node name="Label2" type="Label" parent="CenterContainer/VBoxContainer"]
margin_top = 53.0
margin_right = 622.0
margin_bottom = 69.0
custom_fonts/font = SubResource( 2 )
custom_colors/font_color = Color( 0, 0, 0, 1 )
text = "Choose correct answer to increase time limit, but wrong answer also leads to time limit reduction."
align = 1
autowrap = true

[node name="CenterContainer" type="CenterContainer" parent="CenterContainer/VBoxContainer"]
margin_top = 79.0
margin_right = 622.0
margin_bottom = 483.0

[node name="VBoxContainer" type="VBoxContainer" parent="CenterContainer/VBoxContainer/CenterContainer"]
margin_left = 98.0
margin_right = 523.0
margin_bottom = 404.0

[node name="HBoxContainer" type="HBoxContainer" parent="CenterContainer/VBoxContainer/CenterContainer/VBoxContainer"]
margin_right = 425.0
margin_bottom = 200.0
custom_constants/separation = 25

[node name="TextureButton" type="TextureButton" parent="CenterContainer/VBoxContainer/CenterContainer/VBoxContainer/HBoxContainer"]
margin_right = 200.0
margin_bottom = 200.0
texture_normal = ExtResource( 3 )
script = ExtResource( 8 )

[node name="TextureButton3" type="TextureButton" parent="CenterContainer/VBoxContainer/CenterContainer/VBoxContainer/HBoxContainer"]
margin_left = 225.0
margin_right = 425.0
margin_bottom = 200.0
texture_normal = ExtResource( 6 )
script = ExtResource( 8 )

[node name="HBoxContainer3" type="HBoxContainer" parent="CenterContainer/VBoxContainer/CenterContainer/VBoxContainer"]
margin_top = 204.0
margin_right = 425.0
margin_bottom = 404.0
custom_constants/separation = 25

[node name="TextureButton" type="TextureButton" parent="CenterContainer/VBoxContainer/CenterContainer/VBoxContainer/HBoxContainer3"]
margin_right = 200.0
margin_bottom = 200.0
texture_normal = ExtResource( 7 )
script = ExtResource( 8 )

[node name="TextureButton3" type="TextureButton" parent="CenterContainer/VBoxContainer/CenterContainer/VBoxContainer/HBoxContainer3"]
margin_left = 225.0
margin_right = 425.0
margin_bottom = 200.0
texture_normal = ExtResource( 4 )
script = ExtResource( 8 )
click_block = true

[node name="ExitButton" type="TextureButton" parent="."]
margin_left = 1124.58
margin_top = 23.2493
margin_right = 1182.58
margin_bottom = 81.2493
texture_normal = ExtResource( 11 )
expand = true
script = ExtResource( 10 )
__meta__ = {
"_edit_use_anchors_": false
}

[node name="PopupRight" type="PopupMenu" parent="."]
margin_left = 401.62
margin_top = 174.104
margin_right = 673.62
margin_bottom = 422.104
__meta__ = {
"_edit_use_anchors_": false
}

[node name="Sprite" type="Sprite" parent="PopupRight"]
position = Vector2( 158.561, 138.332 )
texture = ExtResource( 13 )

[node name="TextureButton" type="TextureButton" parent="PopupRight"]
margin_left = -56.5811
margin_top = 240.543
margin_right = 377.419
margin_bottom = 345.543
texture_normal = ExtResource( 14 )
__meta__ = {
"_edit_use_anchors_": false
}

[node name="PopupWrong" type="PopupMenu" parent="."]
margin_left = 487.133
margin_top = 199.404
margin_right = 670.133
margin_bottom = 444.404
__meta__ = {
"_edit_use_anchors_": false
}

[node name="Sprite" type="Sprite" parent="PopupWrong"]
position = Vector2( 75.3634, 117.802 )
texture = ExtResource( 15 )

[node name="TextureButton" type="TextureButton" parent="PopupWrong"]
margin_left = -141.94
margin_top = 218.758
margin_right = 297.06
margin_bottom = 327.758
texture_normal = ExtResource( 12 )
[connection signal="pressed" from="CenterContainer/VBoxContainer/CenterContainer/VBoxContainer/HBoxContainer/TextureButton" to="CenterContainer/VBoxContainer/CenterContainer/VBoxContainer/HBoxContainer/TextureButton" method="_on_TextureButton_pressed"]
[connection signal="pressed" from="CenterContainer/VBoxContainer/CenterContainer/VBoxContainer/HBoxContainer/TextureButton3" to="CenterContainer/VBoxContainer/CenterContainer/VBoxContainer/HBoxContainer/TextureButton3" method="_on_TextureButton_pressed"]
[connection signal="pressed" from="CenterContainer/VBoxContainer/CenterContainer/VBoxContainer/HBoxContainer3/TextureButton" to="CenterContainer/VBoxContainer/CenterContainer/VBoxContainer/HBoxContainer3/TextureButton" method="_on_TextureButton_pressed"]
[connection signal="pressed" from="CenterContainer/VBoxContainer/CenterContainer/VBoxContainer/HBoxContainer3/TextureButton3" to="CenterContainer/VBoxContainer/CenterContainer/VBoxContainer/HBoxContainer3/TextureButton3" method="_on_TextureButton_pressed"]
[connection signal="pressed" from="ExitButton" to="ExitButton" method="_on_ExitButton_pressed"]
[connection signal="pressed" from="PopupRight/TextureButton" to="ExitButton" method="_on_OKButton_pressed"]
[connection signal="pressed" from="PopupWrong/TextureButton" to="ExitButton" method="_on_OKButton_pressed"]
